 Dungeon Crawl Stone Soup version 0.26-a0-712-ga5a9c9c9d0 (webtiles) character file.

Game seed: 17663201927032891282

1020 Azzok the Chopper (level 8, 54/62 HPs)
             Began as a Demonspawn Berserker on Nov 9, 2020.
             Was a Priest of Trog.
             Quit the game on level 5 of the Dungeon.
             The game lasted 00:05:52 (5431 turns).

Azzok the Chopper (Demonspawn Berserker)            Turns: 5431, Time: 00:05:53

Health: 54/62      AC: 11    Str: 20    XL:     8   Next: 2%
Magic:  8/8        EV:  7    Int:  8    God:    Trog [***...]
Gold:   361        SH:  0    Dex: 13    Spells: 7/7 levels left

rFire    . . .     SeeInvis .   u - +1 trident (venom)
rCold    . . .     Faith    .   (no shield)
rNeg     . . .     Spirit   +   q - -2 plate armour (curse)
rPois    .         Reflect  .   (helmet restricted)
rElec    .         Harm     .   x - +0 cloak
rCorr    .         Rampage  .   (no gloves)
MR       .....                  (no boots)
Stlth    ..........             p - amulet of guardian spirit
HPRegen  0.20/turn              o - ring of flight
MPRegen  0.11/turn              (no ring)

@: no status effects
A: antennae 1, powered by pain 1, magic shield
a: Berserk, Trog's Hand, Renounce Religion, Evoke Flight


You were on level 5 of the Dungeon.
You worshipped Trog.
Trog was most pleased with you.
You visited 1 branch of the dungeon, and saw 5 of its levels.

You collected 361 gold pieces.

Inventory:

Hand Weapons
 u - a +1 trident of venom (weapon)
 C - a +0 war axe
Armour
 j - a +0 kite shield
 q - a cursed -2 plate armour (worn)
 x - a +0 cloak (worn)
Jewellery
 o - a ring of flight (left hand)
 p - an amulet of guardian spirit (around neck)
Wands
 w - a wand of paralysis (11)
Scrolls
 b - 2 scrolls of noise {unknown}
 c - 2 scrolls of amnesia {unknown}
 d - 6 scrolls of identify {unknown}
 g - 4 scrolls of teleportation {unknown}
 i - a scroll of blinking {unknown}
 k - 2 scrolls of random uselessness {unknown}
 l - a scroll of immolation {unknown}
 r - 2 scrolls of remove curse {unknown}
 s - a scroll of fog {unknown}
 v - 3 scrolls of magic mapping {unknown}
 y - a scroll of enchant weapon {unknown}
Potions
 a - a potion of flight {unknown}
 e - 2 potions of lignification {unknown}
 f - a potion of berserk rage {unknown}
 h - 2 potions of curing {unknown}
 m - 2 potions of heal wounds {unknown}
 n - a potion of haste {unknown}
 t - a potion of mutation {unknown}
 z - 2 potions of might {unknown}
 A - 2 potions of stabbing {unknown}
 B - a potion of ambrosia {unknown}


   Skills:
 + Level 5.0 Fighting
 * Level 6.0 Axes
 + Level 4.1 Armour
 + Level 4.0 Dodging


You had 7 spell levels left.
You didn't know any spells.
Your spell library was empty.

Dungeon Overview and Level Annotations

Branches:
Dungeon (5/15)
 Temple: D:4-7

Altars:
Qazlal
The Shining One


Innate Abilities, Weirdness & Mutations

You have a pair of small antennae on your head.
You sometimes gain a little power by taking damage.
When hurt, damage is shared between your health and your magic reserves.


Message History

You puncture the iguana!
The iguana is heavily wounded.
The iguana bites you but does no damage.
You closely miss the iguana.
The iguana is heavily wounded.
The iguana bites you.
You hit the iguana but do no damage.
The iguana looks as sick as possible!
The iguana is heavily wounded.
The iguana barely misses you.
You hit the iguana but do no damage.
The iguana looks as sick as possible!
The iguana is severely wounded.
The iguana barely misses you.
You hit the iguana but do no damage.
The iguana looks as sick as possible!
The iguana is almost dead.
You kill the iguana!
Trog accepts your kill.
You have reached level 8!
You feel agile.
Your demonic ancestry asserts itself...
You feel your magical essence form a protective shroud around your flesh.
Are you sure you want to abandon this character and quit the game? (Confirm with "yes".)

▒···▒··▒ ▒····
▒▒▒▒▒▒···▒··▒ ▒····
··········▒··▒▒▒▒▒▒·▒
··········▒··········
▒▒▒▒▒▒▒···▒▒)▒▒▒▒▒▒·▒
···········▒ ▒·▒
▒▒▒▒▒▒▒·······▒ ▒··
▒·▒···▒▒▒·······▒▒▒▒▒▒▒·
▒······@···············)
▒▒▒···▒▒▒·······▒▒▒▒▒▒▒▒
▒·· ▒·······▒ ▒ ▒·
▒·······▒ ▒ ▒ ▒·······▒
▒·······▒ ▒·······▒ ▒
▒▒▒▒▒▒▒▒▒ ▒


There were no monsters in sight!

Vanquished Creatures
  Grinder (D:4)
  Sigmund (D:4)
  A phantom (D:4)
  An ogre (D:5)
  A scorpion (D:4)
  Crazy Yiuf (D:4)
  2 hounds (D:4)
  2 orc priests (D:4)
  An iguana (D:5)
  Ijyb (D:4)
  An orc wizard (D:2)
  Natasha (D:4)
  2 worker ants
  A hound skeleton (D:4)
  3 gnolls (D:3)
  2 adders
  A white imp (D:4)
  2 oozes
  A worm (D:3)
  2 dart slugs (D:1)
  5 leopard geckos
  8 orcs
  5 giant cockroaches
  8 goblins
  7 hobgoblins
  2 quokkas
  5 bats
  3 frilled lizards
  7 kobolds
  7 rats
85 creatures vanquished.

Vanquished Creatures (others)
  A fungus (D:4)
1 creature vanquished.

Grand Total: 86 creatures vanquished

Notes
Turn   | Place    | Note
-------+----------+-------------------------------------------
     0 | D:1      | Azzok the Demonspawn Berserker began the quest for the Orb.
     0 | D:1      | Reached XP level 1. HP: 18/18 MP: 1/1
    42 | D:1      | Gained mutation: You have a pair of small antennae on your
                  | head. [demonic ancestry]
    42 | D:1      | Reached XP level 2. HP: 15/24 MP: 2/2
   212 | D:1      | Reached skill level 3 in Axes
  1299 | D:2      | Reached XP level 3. HP: 29/29 MP: 3/3
  1303 | D:2      | Reached ** piety under Trog
  1726 | D:2      | Gained mutation: You sometimes gain a little power by
                  | taking damage. [demonic ancestry]
  1726 | D:2      | Reached XP level 4. HP: 34/35 MP: 4/4
  2247 | D:2      | Found a stormy altar of Qazlal.
  2277 | D:2      | Found a glowing golden altar of the Shining One.
  2543 | D:3      | HP: 1/36 [poisoned by a worker ant]
  3336 | D:3      | Reached XP level 5. HP: 41/41 MP: 3/5
  3344 | D:3      | Reached skill level 4 in Axes
  3640 | D:4      | Noticed a phantom
  3888 | D:4      | Killed a phantom
  3888 | D:4      | Reached XP level 6. HP: 35/48 MP: 6/6
  4048 | D:4      | Noticed Ijyb
  4058 | D:4      | Killed Ijyb
  4225 | D:4      | Noticed Grinder
  4245 | D:4      | Reached *** piety under Trog
  4255 | D:4      | Killed Grinder
  4255 | D:4      | Reached skill level 5 in Axes
  4255 | D:4      | Reached XP level 7. HP: 45/55 MP: 4/7
  4406 | D:4      | Noticed Sigmund
  4406 | D:4      | Noticed Natasha
  4421 | D:4      | Killed Natasha
  4709 | D:4      | Killed Sigmund
  5016 | D:4      | Found a runed translucent door.
  5017 | D:4      | Noticed Crazy Yiuf
  5025 | D:4      | Killed Crazy Yiuf
  5088 | D:5      | Entered Level 5 of the Dungeon
  5100 | D:5      | Reached skill level 5 in Fighting
  5100 | D:5      | Reached skill level 6 in Axes
  5430 | D:5      | Gained mutation: When hurt, damage is shared between your
                  | health and your magic reserves. [demonic ancestry]
  5430 | D:5      | Reached XP level 8. HP: 54/62 MP: 8/8
  5431 | D:5      | Quit the game

Illustrated notes

Levels and vault maps discovered:
D:1:      saegor_arrival_simple_d, layout_basic
D:2:      layout_basic, tso_altar, nicolae_qazlal_eye_of_the_storm
D:3:      layout_loops_cross
D:4:      layout_rooms, uniq_natasha, uniq_crazy_yiuf_cottage, uniq_grinder,
          uniq_sigmund, uniq_ijyb
D:5:      layout_basic, cheibrodos_sewer_entry_bend

Skill      XL: |  1  2  3  4  5  6  7 |
---------------+----------------------+-----
Dodging        | 2 3 4 |  4.0
Axes           | 3 4 5 6 |  6.0
Armour         | 2 3 4 |  4.1
Fighting       | 4 5 |  5.0

Action                   |  1- 3 |  4- 6 |  7- 9 || total
-------------------------+-------+-------+-------++-------
Melee: Hand axe          |   104 |   122 |       ||   226
       Dagger            |    24 |       |       ||    24
       Trident           |       |    66 |    42 ||   108
Invok: Berserk           |     1 |     5 |       ||     6
       Trog's Hand       |     1 |       |       ||     1
Armor: Animal skin       |    14 |       |       ||    14
       Ring mail         |    21 |    19 |       ||    40
       Plate armour      |       |    83 |    19 ||   102
Dodge: Dodged            |    70 |    83 |    13 ||   166

Table legend: (Time is in decaauts)
 A = Elapsed time spent in this place.
 B = Non-inter-level travel time spent in this place.
 C = Inter-level travel time spent in this place.
 D = Time resting spent in this place.
 E = Time spent auto-exploring this place.
 F = Levels seen in this place.
 G = Mean time per level.
                   A        B        C        D        E       F      G
               +--------+--------+--------+--------+--------+-----+--------+
         Total |   5535 |   5351 |    184 |    936 |   3581 |   5 | 1107.0 |
       Dungeon |   5535 |   5351 |    184 |    936 |   3581 |   5 | 1107.0 |
               +--------+--------+--------+--------+--------+-----+--------+

Top non-repeatable levels by time:
     D:3: 1722 daAuts
     D:1: 1222 daAuts
     D:2: 1187 daAuts
     D:4: 1057 daAuts
     D:5: 344 daAuts
